 Dungeon Crawl Stone Soup version 0.30-a0-371-gad7725a93e (webtiles) character file.

Game seed: 1954271511303067148

18755 mopl the Covert (level 12, -19/51 HPs)
             Began as a Vine Stalker Enchanter on Nov 21, 2022.
             Was a Believer of Kikubaaqudgha.
             Demolished by a hell knight
             ... wielding a +0 lajatang of flaming
              (21 damage)
             ... in a volcano.
             The game lasted 00:26:12 (11336 turns).

mopl the Covert (Vine Stalker Enchanter)           Turns: 11336, Time: 00:26:13

Health: -19/51     AC:  9    Str: 13    XL:     12   Next: 61%
Magic:  0/25       EV: 11    Int: 19    God:    Kikubaaqudgha [**....]
Gold:   1467       SH:  5    Dex: 14    Spells: 5/28 levels left

rFire   + . .      SeeInvis +    a - +0 dagger (elec)
rCold   . . .      Faith    .    V - +0 buckler
rNeg    . . .      Spirit   +    W - +2 robe {rF+}
rPois   .          Reflect  .    (no helmet)
rElec   .          Harm     .    H - scarf {repulsion}
rCorr   .          Rampage  .    (no gloves)
Will    +....                    N - +0 pair of boots
Stlth   +++++.....               n - amulet of magic regeneration
HPRegen 1.08/turn                O - +4 ring of protection
MPRegen 0.59/turn                J - ring of see invisible

@: repel missiles
A: fangs 3, regeneration 1, magic shield, antimagic bite, no potion heal 2
a: Renounce Religion, Unearth Wretches


You were in a volcano.
You worshipped Kikubaaqudgha.
Kikubaaqudgha was pleased with you.
You visited 3 branches of the dungeon, and saw 14 of its levels.
You also visited: Volcano.

You collected 1467 gold pieces.

Inventory:

Hand Weapons
 a - a +0 dagger of electrocution (weapon)
 t - a +0 rapier
Missiles
 m - 4 atropa-tipped darts
 v - a throwing net
 E - 11 poisoned darts (quivered)
 G - 15 boomerangs
Armour
 b - the +4 tower shield of Capyxoy {Rampage rF+ Dex+2}
   (You found it on level 8 of the Dungeon)

   Dex:       It affects your dexterity (+2).
   rF:        It protects you from fire.
   Rampage:   It bestows one free step when moving towards enemies.
 H - a scarf of repulsion (worn)
 M - +0 steam dragon scales
 N - a +0 pair of boots (worn)
 V - a +0 buckler (worn)
 W - a +2 robe of fire resistance (worn)
Jewellery
 n - an amulet of magic regeneration (around neck)
 F - a ring of ice
 I - a ring of positive energy
 J - a ring of see invisible (right hand)
 K - a +6 ring of intelligence
 O - a +4 ring of protection (left hand)
Wands
 k - a wand of flame (17)
 s - a wand of polymorph (10)
 y - a wand of mindburst (13)
 R - a wand of paralysis (13)
Scrolls
 e - a scroll of poison {unknown}
 f - 6 scrolls of blinking
 h - a scroll of torment {unknown}
 j - 2 scrolls of amnesia {unknown}
 p - 4 scrolls of fog {unknown}
 q - a scroll of fear {unknown}
 u - 3 scrolls of vulnerability {unknown}
 w - 9 scrolls of teleportation {unknown}
 x - 2 scrolls of enchant weapon {unknown}
 C - 2 scrolls of identify
 D - 2 scrolls of enchant armour {unknown}
 L - 5 scrolls of immolation {unknown}
 P - a scroll of noise {unknown}
 Q - 4 scrolls of magic mapping {unknown}
 T - a scroll of summoning {unknown}
Potions
 c - 3 potions of invisibility
 d - a potion of flight
 g - a potion of berserk rage {!q}
 i - 4 potions of curing
 l - 3 potions of magic
 o - 4 potions of cancellation
 r - 3 potions of mutation {!q}
 z - a potion of lignification {!q}
 A - a potion of haste
 B - 4 potions of brilliance
 S - 2 potions of ambrosia


   Skills:
 + Level 7.5 Short Blades
 - Level 1.5 Dodging
 + Level 11.4 Stealth
 + Level 5.3 Shields
 + Level 8.5 Spellcasting
 - Level 3.0 Conjurations
 + Level 8.9 Hexes
 + Level 6.5 Necromancy
 - Level 5.0 Transmutations
 - Level 3.0 Ice Magic
 + Level 4.9 Earth Magic


You had 5 spell levels left.
You knew the following spells:

 Your Spells              Type           Power      Damage    Failure   Level
a - Vampiric Draining     Necr           33%        2d8       2%          3
b - Ensorcelled Hibernat  Hex/Ice        60%        N/A       1%          2
c - Mephitic Cloud        Conj/Pois/Air  11%        N/A       22%         3
d - Tukima's Dance        Hex            42%        N/A       1%          3
f - Dazzling Flash        Conj/Hex       60%        N/A       2%          3
g - Petrify               Tmut/Erth      27%        N/A       14%         4
v - Borgnjor's Vile Clut  Necr/Erth      15%        N/A       28%         5

Your spell library contained the following spells:

 Spells                   Type           Power      Damage    Failure   Level
 Kiss of Death            Conj/Necr      100%       2d13      1%          1
 Necrotise                Necr           100%       1d9       1%          1
 Sublimation of Blood     Necr           33%        N/A       1%          2
 Confusing Touch          Hex            42%        N/A       1%          3
 Freeze                   Ice            76%        1d8       3%          1
 Magic Dart               Conj           76%        1d6       3%          1
 Anguish                  Hex/Necr       18%        N/A       4%          4
 Foxfire                  Conj/Fire      52%        2x1d6     6%          1
 Animate Dead             Necr           33%        N/A       8%          4
 Dispel Undead            Necr           33%        3d14      8%          4
 Frozen Ramparts          Ice            38%        1d6       10%         3
 Hailstorm                Conj/Ice       19%        3d6       10%         3
 Call Imp                 Summ           8%         N/A       17%         2
 Irradiate                Conj/Tmut      11%        3d15      52%         5
 Fireball                 Conj/Fire      6%         3d5       86%         5
 Death Channel            Necr           16%        N/A       75%         6
 Simulacrum               Ice/Necr       13%        N/A       93%         6
 Starburst                Conj/Fire      6%         6d4       100%        6


Dungeon Overview and Level Annotations

Branches:
Dungeon (11/15)            Temple (1/1) D:6            Lair (2/5) D:11
 Shoals (0/4) Lair:2          Orc (0/2) D:10        Volcano (1/1)
  Snake: Lair:2-3    Spider: Lair:2-3

Altars:
Ashenzari
Cheibriados
Dithmenos
Elyvilon
Fedhas
Gozag
Hepliaklqana
Kikubaaqudgha
Makhleb
Nemelex Xobeh
Okawaru
Qazlal
Ru
Sif Muna
Trog
Uskayaw
Vehumet
Wu Jian
Xom
Yredelemnul
Zin
The Shining One

Annotations:
D:11 exclusion: killer bee, Snorg


Innate Abilities, Weirdness & Mutations

You have razor-sharp teeth.
Your natural rate of healing is unusually fast.
When hurt, damage is shared between your health and your magic reserves.
Your bite disrupts and absorbs the magic of your enemies.
Potions cannot restore your health.


Message History

Found 17 gold pieces.
You now have 1429 gold pieces (gained 23).
Found a +0 halberd of flaming.
The hell knight drinks a potion.
The hell knight flickers and vanishes!
Deactivating autopickup; reactivate with Ctrl-A.
You see here 15 gold pieces.
You see here 23 gold pieces.
You now have 1452 gold pieces (gained 23).
You hear some strange, mumbled prayers to a god.
You see here 15 gold pieces.
You now have 1467 gold pieces (gained 15).
Something hits you! Something burns you. Something hits you!
Something burns you.
There is an open door, spattered with blood here.
You see here a two-headed ogre corpse.
Something hits you! Something burns you.
You see here a +0 giant club of flaming.
Something is blocking the doorway!
You block something's attack. Something hits you. Something burns you.
You're wearing all the rings you can.
Remove which one? (? for menu, Esc to cancel) < or
O - a +4 ring of protection; > or
K - a +6 ring of intelligence You remove your +6 ring of intelligence.
You feel stupid. Something hits you!!
* * * LOW HITPOINT WARNING * * *
Something burns you.
Reactivating autopickup.
J - a ring of see invisible (right hand)
Aiming: Paralyse
Press: ? - help, Shift-Dir - straight line, f - hell knight
Aim: a hell knight, wielding a +0 lajatang of flaming and wearing a +2 chain mail of fire resistance (fast, slightly transparent, chance to affect: 31%)
The hell knight easily resists.
The hell knight hits you with a +0 lajatang of flaming!
* * * LOW HITPOINT WARNING * * *
The hell knight burns you.
* * * LOW HITPOINT WARNING * * *
The hell knight hits you with a +0 lajatang of flaming!!
You die...
Kikubaaqudgha rasps: "You have failed me!
Welcome... death!" ###### ###### O?$$+

+$$(. #)![ ).[#
###8## ##8###
##....## ##....##
#......##+##......#
#.8..⌠.#...#.⌠..8.#
#....).+.∩@p......#
##....##...##....##
########+########
##..### #.#
##.....###.##
###.§§..###8.8#
#....§§..#....#
#...≈§§≈§§....##
##§§§≈≈§§≈§.....#


You could see a hell knight (fast, invisible).

Vanquished Creatures
  Josephine (D:11)
  A two-headed ogre (Volcano)
  Lodul (D:10)
  A deep troll (Lair:1)
  A cyclops (D:11)
  3 cane toads
  2 unseen horrors (D:11)
  3 komodo dragons (Lair:1)
  A troll (D:10)
  A hornet (D:8)
  8 blink frogs
  Prince Ribbit (Lair:2)
  4 wraiths
  A vampire (D:9)
  7 wyverns
  A shadow (D:10)
  5 fire bats (Volcano)
  27 yaks
  2 steam dragons (D:7)
  A basilisk (Lair:2)
  An acid dragon (D:11)
  6 water moccasins
  2 orc warriors
  2 ice beasts
  A black bear (D:5)
  3 wolves (Lair:1)
  8 ogres
  2 centaurs
  7 bullfrogs
  2 scorpions
  3 wights (D:7)
  4 killer bees (D:9)
  3 howler monkeys
  An electric eel (Lair:1)
  4 lava snakes (Volcano)
  An orc priest (D:6)
  3 jellies
  A gnoll bouda (D:9)
  5 hounds
  6 iguanas
  4 orc wizards
  13 gnolls
  13 adders
  2 shadow imps
  3 white imps
  2 worms
  A dart slug (D:4)
  26 orcs
  5 bats (D:1)
  8 endoplasms
  4 giant cockroaches
  6 goblins
  10 hobgoblins
  2 jackals (D:3)
  8 ball pythons
  3 frilled lizards
  2 goblin skeletons (D:6)
  A hobgoblin zombie (D:6)
  8 kobolds
  A kobold skeleton (D:6)
  4 kobold zombies (D:6)
  2 orc skeletons (D:6)
  3 rats
  A butterfly (Lair:1)
269 creatures vanquished.

Vanquished Creatures (collateral kills)
  A two-headed ogre (Volcano)
  An ogre (D:6)
  A wight (D:7)
  A gnoll (D:9)
  4 orcs
8 creatures vanquished.

Vanquished Creatures (others)
  3 dancing weapons
  A bush (D:11)
  A fungus (D:11)
  16 plants
21 creatures vanquished.

Grand Total: 298 creatures vanquished

Notes
Turn   | Place    | Note
-------+----------+-------------------------------------------
     0 | D:1      | mopl the Vine Stalker Enchanter began the quest for the
                  | Orb.
     0 | D:1      | Reached XP level 1. HP: 9/9 MP: 4/4
    88 | D:1      | Reached skill level 1 in Short Blades
   160 | D:1      | Reached XP level 2. HP: 13/13 MP: 6/6
   202 | D:1      | Learned a level 2 spell: Ensorcelled Hibernation
   434 | D:1      | Reached skill level 4 in Stealth
   749 | D:1      | Reached XP level 3. HP: 15/16 MP: 5/7
  1260 | D:2      | Reached skill level 1 in Ice Magic
  1260 | D:2      | Gained mutation: Your natural rate of healing is unusually
                  | fast. [Vine Stalker growth]
  1260 | D:2      | Reached XP level 4. HP: 17/21 MP: 7/9
  1295 | D:3      | Learned a level 3 spell: Tukima's Dance
  1719 | D:3      | Reached XP level 5. HP: 24/24 MP: 10/10
  1750 | D:3      | Reached skill level 2 in Short Blades
  1750 | D:3      | Reached skill level 3 in Spellcasting
  2412 | D:4      | Reached skill level 5 in Stealth
  2453 | D:4      | Reached skill level 2 in Ice Magic
  2607 | D:3      | Reached skill level 4 in Hexes
  2607 | D:3      | Reached XP level 6. HP: 28/28 MP: 11/11
  3370 | D:5      | Entered Level 5 of the Dungeon
  3391 | D:5      | Noticed a black bear
  3419 | D:5      | Learned a level 3 spell: Dazzling Flash
  3434 | D:5      | Killed a black bear
  3435 | D:5      | Reached XP level 7. HP: 25/32 MP: 3/13
  3516 | D:5      | Noticed a water elemental
  3518 | D:5      | Found a stormy altar of Qazlal.
  3521 | D:5      | Noticed a fire elemental
  3521 | D:5      | Noticed an air elemental
  3825 | D:5      | Reached skill level 3 in Short Blades
  3900 | D:5      | Reached skill level 1 in Conjurations
  3921 | D:5      | Reached skill level 4 in Spellcasting
  3921 | D:5      | Reached skill level 3 in Ice Magic
  4058 | D:5      | Learned a level 3 spell: Mephitic Cloud
  4163 | D:5      | Reached skill level 6 in Stealth
  4232 | D:5      | Reached skill level 2 in Conjurations
  4232 | D:5      | Reached skill level 5 in Hexes
  4232 | D:5      | Gained mutation: You have razor-sharp teeth. [Vine Stalker
                  | growth]
  4232 | D:5      | Reached XP level 8. HP: 36/36 MP: 10/15
  4345 | D:5      | Found a snail-covered altar of Cheibriados.
  4884 | D:6      | Reached skill level 4 in Short Blades
  4949 | D:6      | Reached skill level 3 in Conjurations
  5000 | D:6      | Reached skill level 5 in Spellcasting
  5027 | D:6      | Noticed a yak
  5033 | D:6      | Killed a yak
  5034 | D:6      | Reached skill level 7 in Stealth
  5034 | D:6      | Identified the +1 ring mail "Moyss" {rPois rF- rC++ Str+2}
  5134 | D:6      | Found a glowing golden altar of the Shining One.
  5234 | D:6      | Found a staircase to the Ecumenical Temple.
  5243 | Temple   | Entered the Ecumenical Temple
  5337 | Temple   | Became a worshipper of Kikubaaqudgha
  5551 | D:7      | Reached XP level 9. HP: 27/39 MP: 9/18
  5849 | D:7      | Reached skill level 1 in Necromancy
  5912 | D:7      | Reached skill level 6 in Hexes
  6557 | D:8      | Reached skill level 8 in Stealth
  6557 | D:8      | Reached skill level 2 in Necromancy
  6560 | D:8      | Reached skill level 5 in Short Blades
  6563 | D:8      | Reached skill level 6 in Spellcasting
  6576 | D:8      | Learned a level 4 spell: Petrify
  6687 | D:8      | Found a white marble altar of Elyvilon.
  6709 | D:8      | Identified the +4 tower shield of Capyxoy {Rampage rF+
                  | Dex+2}
  6743 | D:8      | Noticed a hornet
  6749 | D:8      | Killed a hornet
  6750 | D:8      | Reached skill level 3 in Necromancy
  6891 | D:8      | Reached skill level 1 in Shields
  6902 | D:8      | Reached XP level 10. HP: 44/44 MP: 14/20
  6936 | D:8      | Reached skill level 9 in Stealth
  6936 | D:8      | Reached skill level 7 in Hexes
  7037 | D:8      | Reached skill level 2 in Shields
  7230 | D:8      | Reached * piety under Kikubaaqudgha
  7230 | D:8      | Received a gift from Kikubaaqudgha
  7312 | D:8      | Learned a level 3 spell: Vampiric Draining
  7520 | D:9      | Reached skill level 4 in Necromancy
  7804 | D:9      | Reached skill level 1 in Earth Magic
  8318 | D:10     | Entered Level 10 of the Dungeon
  8351 | D:10     | Reached skill level 1 in Transmutations
  8358 | D:10     | Reached skill level 6 in Short Blades
  8534 | D:10     | Reached skill level 7 in Spellcasting
  8553 | D:10     | Found an iron altar of Okawaru.
  8634 | D:10     | Noticed Lodul
  8653 | D:10     | Killed Lodul
  8654 | D:10     | Reached skill level 3 in Shields
  8654 | D:10     | Reached skill level 2 in Transmutations
  8654 | D:10     | Reached skill level 2 in Earth Magic
  8716 | D:10     | Reached XP level 11. HP: 44/47 MP: 20/22
  8805 | D:10     | Found a staircase to the Orcish Mines.
  9199 | D:11     | Reached skill level 10 in Stealth
  9222 | D:11     | Reached skill level 5 in Necromancy
  9233 | D:11     | Found a staircase to the Lair.
  9277 | D:11     | Reached skill level 3 in Earth Magic
  9294 | D:11     | Noticed Josephine
  9303 | D:11     | Killed Josephine
  9303 | D:11     | Reached ** piety under Kikubaaqudgha
  9304 | D:11     | Reached skill level 3 in Transmutations
  9507 | D:11     | Reached skill level 8 in Hexes
  9551 | D:11     | Reached skill level 4 in Shields
  9589 | D:11     | Noticed Snorg
  9590 | D:11     | Noticed a cyclops
  9597 | D:11     | Killed a cyclops
  9807 | Lair:1   | Entered Level 1 of the Lair of Beasts
 10036 | Lair:1   | Reached skill level 4 in Transmutations
 10039 | Lair:1   | Reached skill level 7 in Short Blades
 10078 | Lair:1   | Reached skill level 8 in Spellcasting
 10097 | Lair:1   | Reached skill level 4 in Earth Magic
 10146 | Lair:1   | Reached XP level 12. HP: 41/51 MP: 17/25
 10166 | Lair:1   | Reached skill level 6 in Necromancy
 10260 | Lair:1   | Reached skill level 11 in Stealth
 10866 | Lair:2   | Found a staircase to the Shoals.
 10896 | Lair:2   | Noticed Prince Ribbit
 10929 | Lair:2   | Killed Prince Ribbit
 10971 | Lair:2   | Reached skill level 5 in Shields
 11027 | Lair:2   | Found a dark tunnel.
 11036 | Volcano  | Entered a volcano
 11081 | Volcano  | Reached *** piety under Kikubaaqudgha
 11081 | Volcano  | Received a gift from Kikubaaqudgha
 11255 | Volcano  | Noticed a two-headed ogre
 11255 | Volcano  | Noticed a two-headed ogre
 11258 | Volcano  | Killed a two-headed ogre
 11281 | Volcano  | Noticed a two-headed ogre
 11282 | Volcano  | Noticed a hell knight
 11287 | Volcano  | Killed a two-headed ogre
 11288 | Volcano  | Reached skill level 5 in Transmutations
 11311 | Volcano  | Learned a level 5 spell: Borgnjor's Vile Clutch
 11336 | Volcano  | HP: 2/51 [hell knight/+0 lajatang of flaming (2)]
 11336 | Volcano  | Demolished by a hell knight

Illustrated notes

Levels and vault maps discovered:
D:1:      lightli_iron_boxes, layout_loops_cross, minmay_parallelograms
D:2:      cheibrodos_greedy_goblins, layout_loops_cross,
          hangedman_decor_slide_cut, solitary_fountain
D:3:      layout_basic
D:4:      layout_loops_ring
D:5:      layout_gridville, nicolae_qazlal_style_of_elements, slow_altar_2
D:6:      wad_crossroads, layout_basic, nicolae_tso_besieged_by_evil,
          minmay_temple_entry_nine_rooms
D:7:      layout_loops_corners, lightli_orcish_oven
D:8:      layout_basic, general_overflow_altar
D:9:      layout_rooms, serial_co_window_serial, co_window_corner_a,
          co_window_paths_b, co_window_paths_b, co_window_paths_a,
          co_window_paths_b, co_window_of_opportunity_c, co_window_corner_b,
          co_window_2corner, co_window_corner_cb, co_window_4corner_a,
          glass_columns_a, glass_columns_a
D:10:     layout_loops_ring, mainiacjoe_overflow_brackets, orc_0_dummy,
          uniq_lodul
D:11:     layout_cave_pools, minmay_lair_entry_grove, special_room
          [special_room_bee], uniq_snorg, uniq_josephine
Temple:   nicolae_temple_bog_church
Lair:1:   dreamdust_cave_troll, layout_cave_pods, lemuel_fruit_fields,
          serial_bayou_shore_a
Lair:2:   regret_index_harrowing_hell_hive, layout_cave_shapes,
          shoals_dummy_entry, nicolae_volcano_entry_hallway, grunt_megastairs_4,
          serial_bayou_shore_b, uniq_urug, uniq_prince_ribbit2
Volcano:  volcano_grotto [vgs_many_chambers]

Skill      XL: |  1  2  3  4  5  6  7  8  9 10 11 12 |
---------------+-------------------------------------+-----
Short Blades   | 1 2 3 4 5 6 7 |  7.5
Stealth        | 4 5 6 7 8 9 10 11 | 11.4
Ice Magic      | 1 2 3 |  3.0
Spellcasting   | 3 4 5 6 7 8 |  8.5
Hexes          | 4 5 6 7 8 |  8.9
Conjurations   | 2 3 |  3.0
Necromancy     | 3 4 5 6 |  6.5
Shields        | 1 3 4 5 |  5.3
Earth Magic    | 2 4 |  4.9
Transmutations | 2 4 5 |  5.0
Dodging        | |  1.5

Action                   |  1- 3 |  4- 6 |  7- 9 | 10-12 || total
-------------------------+-------+-------+-------+-------++-------
Melee: Dagger            |    93 |   185 |   296 |   368 ||   942
       Bite              |    21 |    50 |    85 |    87 ||   243
       Punch             |     2 |     3 |     6 |     2 ||    13
Throw: Throwing net      |       |       |       |     1 ||     1
       Dart              |       |       |       |     1 ||     1
 Cast: Ensorcelled Hiber |     1 |    17 |    32 |   103 ||   153
       Tukima's Dance    |       |       |    15 |     9 ||    24
       Dazzling Flash    |       |       |       |     5 ||     5
       Vampiric Draining |       |       |       |     9 ||     9
Evoke: Wand              |       |       |     2 |     6 ||     8
  Use: Scroll            |       |       |    11 |     1 ||    12
       Potion            |       |       |       |     1 ||     1
 Stab: Sleeping          |    15 |    20 |    29 |    57 ||   121
       Invisible         |       |       |       |     2 ||     2
       Held in net/web   |       |       |       |     1 ||     1
Armor: Robe              |    14 |    11 |    31 |    25 ||    81
       Steam dragon scal |       |       |     4 |    72 ||    76
Dodge: Dodged            |    54 |   110 |   145 |   149 ||   458
       Repelled          |       |       |     1 |     1 ||     2
Block: Buckler           |       |       |       |    51 ||    51

Table legend: (Time is in decaauts)
 A = Elapsed time spent in this place.
 B = Non-inter-level travel time spent in this place.
 C = Inter-level travel time spent in this place.
 D = Time resting spent in this place.
 E = Time spent auto-exploring this place.
 F = Levels seen in this place.
 G = Mean time per level.
                   A        B        C        D        E       F      G
               +--------+--------+--------+--------+--------+-----+--------+
         Total |  11146 |  10836 |    310 |    522 |   7364 |  15 |  743.1 |
       Dungeon |   9535 |   9283 |    252 |    449 |   6619 |  11 |  866.8 |
        Temple |    112 |    101 |     11 |      0 |     77 |   1 |  112.0 |
          Lair |   1212 |   1166 |     46 |     43 |    667 |   2 |  606.0 |
       Volcano |    285 |    285 |      0 |     30 |      0 |   1 |  285.0 |
               +--------+--------+--------+--------+--------+-----+--------+

Top non-repeatable levels by time:
     D:5: 1109 daAuts
     D:7: 1055 daAuts
  Lair:1: 1001 daAuts
     D:9: 906 daAuts
     D:3: 896 daAuts
     D:4: 857 daAuts
     D:8: 849 daAuts
     D:2: 824 daAuts
    D:10: 819 daAuts
     D:6: 794 daAuts
     D:1: 784 daAuts
    D:11: 637 daAuts
 Volcano: 285 daAuts
  Lair:2: 211 daAuts
  Temple: 112 daAuts
